 Dungeon Crawl Stone Soup version 0.21.1-1-g345015fe64 (webtiles) character file.

4298 Jannitor the Fighter (level 10, -14/90 HPs)
             Began as a Hill Orc Enchanter on June 10, 2018.
             Was a Believer of Beogh.
             Demolished by a phantasmal warrior (27 damage)
             ... on level 10 of the Dungeon.
             The game lasted 00:25:10 (13183 turns).

Jannitor the Fighter (Hill Orc Enchanter)          Turns: 13183, Time: 00:25:11

Health: -14/90     AC: 10    Str: 15    XL:     10   Next: 32%
Magic:  0/13       EV:  9    Int: 15    God:    Beogh [**....]
Gold:   415        SH: 10    Dex: 16    Spells: 11/12 levels left

rFire    + . .     SeeInvis .   a - +0 war axe (venom)
rCold    . . .     Gourm    .   x - +0 shield {reflect}
rNeg     . . .     Faith    .   w - +0 scale mail
rPois    .         Spirit   +   F - +0 helmet
rElec    .         Reflect  +   (no cloak)
rCorr    .         Harm     .   O - +0 pair of gloves
MR       .....                  (no boots)
Stlth    +.........             l - amulet of guardian spirit
HPRegen  0.25/turn              P - ring of protection from fire
MPRegen  0.13/turn              q - +5 ring of dexterity

@: very slightly contaminated
A: no striking features
a: Smiting, Renounce Religion


You were on level 10 of the Dungeon.
You worshipped Beogh.
Beogh was pleased with you.
You were very hungry.

You visited 2 branches of the dungeon, and saw 11 of its levels.

You collected 543 gold pieces.
You spent 128 gold pieces at shops.

Inventory:

Hand Weapons
 a - a +0 war axe of venom (weapon)
 b - a +0 hand crossbow of flaming
 f - a +1 dagger
 m - a +0 flail
 B - a +1 short sword of venom
 E - a +1 whip of electrocution
 K - a +0 hunting sling
Missiles
 h - 263 stones (quivered)
 s - 12 sling bullets
 y - 16 bolts
Armour
 g - a +0 robe
 k - a +1 leather armour
 w - a +0 scale mail (worn)
 x - a +0 shield of reflection (worn)
 F - a +0 helmet (worn)
 O - a +0 pair of gloves (worn)
Jewellery
 l - an amulet of guardian spirit (around neck)
 q - a +5 ring of dexterity (right hand)
 H - a +5 ring of intelligence
 M - an uncursed amulet of harm {unknown}
 N - an uncursed amulet of faith {unknown}
 P - a ring of protection from fire (left hand)
Wands
 v - a wand of flame (17)
 z - a wand of enslavement (9)
 G - a wand of digging (11)
Scrolls
 j - 3 scrolls of enchant weapon
 n - 12 scrolls of identify
 p - 4 scrolls of enchant armour
 r - 2 scrolls of remove curse
 t - a scroll of amnesia
 A - a scroll of fog
 I - a scroll of noise
 Q - a scroll of brand weapon
Potions
 i - a potion of magic
 o - a potion of flight
 C - 2 potions of cancellation
 L - a potion of agility
Books
 c - a book of Maledictions

   Spells                             Type                      Level
   a - Corona                         Hexes                        1
   b - Ensorcelled Hibernation        Hexes/Ice                    2
   c - Confuse                        Hexes                        3
   d - Tukima's Dance                 Hexes                        3
   e - Dazzling Spray                 Conjuration/Hexes            3
 J - a book of Cantrips

   Spells                             Type                      Level
   a - Confusing Touch                Hexes                        1
   b - Animate Skeleton               Necromancy                   1
   c - Summon Small Mammal            Summoning                    1
   d - Apportation                    Translocation                1
Comestibles
 d - 12 rations


   Skills:
 + Level 8.9 Fighting
 - Level 1.0 Short Blades
 + Level 8.0(8.5) Axes
 - Level 3.3(5.4) Maces & Flails
 + Level 0.1 Crossbows
 + Level 7.5 Armour
 - Level 3.2 Dodging
 - Level 2.4 Stealth
 + Level 6.6 Shields
 - Level 1.5 Spellcasting
 - Level 3.0 Hexes
 + Level 4.0 Invocations


You had 11 spell levels left.
You knew the following spells:

 Your Spells              Type           Power        Failure   Level  Hunger
a - Corona                Hex            ##.....      56%         1    ##.....


Dungeon Overview and Level Annotations

Branches:
Dungeon (10/15)            Temple (1/1) D:6            Lair (0/6) D:10
    Orc: D:9-12

Altars:
Ashenzari
Cheibriados
Dithmenos
Elyvilon
Fedhas
Gozag
Hepliaklqana
Kikubaaqudgha
Makhleb
Nemelex Xobeh
Okawaru
Qazlal
Ru
Sif Muna
Trog
Uskayaw
Vehumet
Wu Jian
Xom
Yredelemnul
Zin
The Shining One

Shops:
D:5 ((?   D:7 *   D:10 }

Annotations:
D:7 2 transporters


Message History

An orc knight comes into view. It is wielding a dire flail.
The orc knight shouts!
You hear a shout! x2
A purple ugly thing comes into view.
The purple ugly thing gurgles horribly!
You hear a shout!
The purple ugly thing moves out of view.
A centaur skeleton comes into view.
The centaur skeleton hits you.
* * * LOW HITPOINT WARNING * * *
You block the centaur skeleton's attack.
There is an open door, spattered with blood here.
A phantasmal warrior comes into view.
The centaur skeleton barely misses you.
The phantasmal warrior moves out of view.
Found Alecydwe's Gadget Emporium.
Found a staircase to the Lair.
You block the centaur skeleton's attack.
You block the centaur skeleton's attack.
You block the centaur skeleton's attack.
The phantasmal warrior blinks!
The phantasmal warrior hits you!!
You die...

#......# ########......#
..............#
..............#
..............##########
........................
#####......##''#####......
#...#......#.......#......
#...#...W@.#.......#......
#...#....Z.#.......#......
#...#......#.......#......
#...#......#.......#...... .
#...#..o...###.....#...#+#
..u.#...#......#∩+.....#...#
.....'...u......###...<.#...#
.....#####......#...(...#...#
..... .......#########...#


You could see an orc knight, a purple ugly thing, a phantasmal warrior and a
centaur skeleton.

Vanquished Creatures
  A cyclops (D:10)
  The ghost of Ursun the Caller, a novice DESu (D:6)
  The ghost of Chudej the Magician, a novice DECj (D:5)
  A troll (D:9)
  Prince Ribbit (D:4)
  A sky beast (D:9)
  2 black bears
  An ice beast (D:8)
  2 phantoms
  An eye of draining (D:10)
  7 ogres
  2 centaurs
  A big kobold (D:9)
  A bullfrog (D:6)
  3 scorpions
  A water moccasin skeleton (D:10)
  3 jellies
  6 crimson imps
  A quasit (D:6)
  7 orc wizards
  5 hounds
  3 orc priests
  2 bullfrog skeletons
  A centaur skeleton (D:10)
  5 worker ants
  2 hound skeletons
  A worker ant zombie (D:10)
  7 gnolls
  2 river rats (D:4)
  12 adders
  A howler monkey skeleton (D:4)
  5 shadow imps
  An ooze (D:3)
  An adder zombie (D:7)
  An adder skeleton (D:8)
  2 worms
  A dart slug (D:5)
  2 leopard geckos
  27 orcs
  12 giant cockroaches
  8 goblins
  5 hobgoblins
  30 jackals
  3 quokkas
  A ball python (D:1)
  5 bats
  8 frilled lizards
  11 kobolds
  A quokka skeleton (D:7)
  15 rats
224 creatures vanquished.

Vanquished Creatures (others)
  A necrophage (D:9)
  A centaur zombie (D:7)
  A jelly (D:7)
  An orc wizard (D:5)
  An orc priest (D:5)
  5 orcs (D:5)
10 creatures vanquished.

Grand Total: 234 creatures vanquished

Notes
Turn   | Place    | Note
-------+----------+-------------------------------------------
     0 | D:1      | Jannitor the Hill Orc Enchanter began the quest for the Orb.
     0 | D:1      | Reached XP level 1. HP: 14/14 MP: 3/3
    61 | D:1      | Reached skill level 1 in Fighting
   317 | D:1      | Reached XP level 2. HP: 16/23 MP: 1/4
   747 | D:1      | Reached XP level 3. HP: 29/30 MP: 5/5
  1205 | D:2      | Reached skill level 1 in Armour
  1717 | D:1      | Reached XP level 4. HP: 27/38 MP: 1/6
  2961 | D:2      | Reached XP level 5. HP: 46/46 MP: 7/7
  3311 | D:2      | Reached skill level 1 in Maces & Flails
  4130 | D:3      | Reached XP level 6. HP: 28/52 MP: 3/8
  5334 | D:4      | Found a shimmering altar of Xom.
  5368 | D:4      | Noticed a phantom
  5417 | D:4      | Killed a phantom
  6010 | D:5      | Entered Level 5 of the Dungeon
  6010 | D:5      | Found Berhuuc's Weapon Emporium.
  6011 | D:5      | Became a worshipper of Beogh the Brigand
  6013 | D:5      | Bought a +0 war axe of venom for 86 gold pieces
  6015 | D:5      | Noticed a phantom
  6031 | D:5      | Noticed Prince Ribbit
  6037 | D:5      | Killed a phantom
  6037 | D:5      | Reached XP level 7. HP: 28/60 MP: 6/9
  6048 | D:4      | Reached skill level 1 in Axes
  6556 | D:6      | Reached skill level 5 in Fighting
  6558 | D:6      | Reached skill level 1 in Shields
  6745 | D:6      | Found a hide-covered altar of Uskayaw.
  6950 | D:6      | Found a glowing silver altar of Zin.
  6991 | D:6      | Noticed Ursun's ghost (novice DESu)
  7170 | D:5      | Reached XP level 8. HP: 69/69 MP: 10/10
  7198 | D:5      | Noticed Chudej's ghost (novice DECj)
  7221 | D:5      | Killed Chudej's ghost
  7597 | D:5      | Reached skill level 5 in Armour
  7608 | D:5      | Reached * piety under Beogh
  7685 | D:5      | Found Koenij's Magic Scroll Boutique.
  7899 | D:5      | Found Reromaiwk's Antique Weapon Boutique.
  7976 | D:5      | Found a bloodstained altar of Trog.
  7996 | D:6      | Reached skill level 5 in Axes
  8670 | D:7      | Found Deusujek's General Store.
  8678 | D:7      | Bought a potion of curing for 42 gold pieces
  8702 | D:7      | Found a transporter.
  8703 | D:7      | Noticed a cyclops
  8706 | D:7      | Found a transporter.
  8713 | D:7      | Noticed an efreet
  8717 | D:7      | Found a snail-covered altar of Cheibriados.
  8753 | D:7      | Reached XP level 9. HP: 71/78 MP: 11/11
  8852 | D:7      | Found a stormy altar of Qazlal.
  9006 | D:7      | Found an ancient bone altar of Kikubaaqudgha.
  9008 | D:7      | Found a blossoming altar of Fedhas.
  9458 | D:8      | Noticed a two-headed ogre
  9577 | D:6      | Found a staircase to the Ecumenical Temple.
  9618 | Temple   | Entered the Ecumenical Temple
  9782 | D:6      | Killed Ursun's ghost
  9782 | D:6      | Reached skill level 5 in Shields
  9952 | D:5      | Reached ** piety under Beogh
 10206 | D:4      | Killed Prince Ribbit
 10718 | D:9      | Noticed a troll
 11049 | D:9      | Killed a troll
 11049 | D:9      | Reached skill level 1 in Invocations
 11288 | D:9      | Noticed a two-headed ogre
 11571 | D:8      | Reached XP level 10. HP: 87/90 MP: 9/12
 12462 | D:10     | Entered Level 10 of the Dungeon
 12462 | D:10     | Noticed a cyclops
 12472 | D:10     | Killed a cyclops
 13173 | D:10     | Noticed an orc knight
 13175 | D:10     | Noticed a purple ugly thing
 13177 | D:10     | Found Alecydwe's Gadget Emporium.
 13177 | D:10     | Found a staircase to the Lair.
 13177 | D:10     | Noticed a phantasmal warrior
 13183 | D:10     | Demolished by a phantasmal warrior

Skill      XL: |  1  2  3  4  5  6  7  8  9 10 |
---------------+-------------------------------+-----
Fighting       | 1 2 3 4 5 6 8 |  8.9
Dodging        | 2 3 |  3.2
Armour         | 1 2 3 4 5 7 |  7.5
Maces & Flails | 2 3 |  3.3
Axes           | 3 5 7 8 |  8.0
Shields        | 2 4 6 |  6.6
Invocations    | 2 4 |  4.0
Short Blades   | |  1.0
Crossbows      | |  0.1
Stealth        | |  2.4
Spellcasting   | |  1.5
Hexes          | |  3.0

Action                   |  1- 3 |  4- 6 |  7- 9 | 10-12 || total
-------------------------+-------+-------+-------+-------++-------
Melee: Dagger            |   103 |    33 |       |       ||   136
       Flail             |       |    14 |       |       ||    14
       Short sword       |       |   144 |       |       ||   144
       War axe           |       |    15 |   119 |    70 ||   204
       Whip              |       |       |   319 |       ||   319
 Fire: Hunting sling     |    73 |   177 |       |       ||   250
       Hand crossbow     |       |       |     7 |    10 ||    17
 Cast: Corona            |    12 |     4 |     1 |     2 ||    19
Invok: Convert to Beogh  |       |     1 |       |       ||     1
Evoke: Wand              |       |       |     6 |     1 ||     7
  Use: Potion            |     2 |     5 |     7 |     5 ||    19
       Scroll            |       |     8 |     6 |     6 ||    20
 Stab: Sleeping          |     1 |     2 |       |       ||     3
  Eat: Chunk             |     1 |    15 |     5 |     1 ||    22
       Ration            |       |       |     4 |     1 ||     5
Armor: Robe              |    18 |       |       |       ||    18
       Leather armour    |     2 |    25 |       |       ||    27
       Scale mail        |       |    34 |   171 |    49 ||   254
       Skin              |       |       |     6 |       ||     6
Dodge: Dodged            |   103 |   153 |   148 |    33 ||   437
Block: Shield            |       |       |   185 |    42 ||   227
       Reflection        |       |       |     6 |       ||     6
